 Dungeon Crawl Stone Soup version 0.25-a0-647-gd602d06 (webtiles) character file.

Game seed: 12003443658402864039, levelgen mode: deterministic

6737 Charmandara the Cruncher (level 11, -14/126 HPs)
             Began as a Barachi Ice Elementalist on Mar 22, 2020.
             Was a High Priest of Cheibriados.
             Killed by divine providence
             ... invoked by an orc priest
              (15 damage)
             ... on level 10 of the Dungeon.
             The game lasted 00:36:27 (11142 turns).

Charmandara the Cruncher (BaIE)                    Turns: 11142, Time: 00:36:28

Health: -14/126    AC: 14    Str: 22    XL:     11   Next: 4%
Magic:  19/19      EV: 12    Int: 29    God:    Cheibriados [*****.]
Gold:   581        SH:  0    Dex: 27    Spells: 8/21 levels left

rFire    . . .     SeeInvis .   I - +2 lajatang (protect)
rCold    + + .     Gourm    .   (shield currently unavailable)
rNeg     . . .     Faith    +   E - +0 ring mail
rPois    .         Spirit   .   (no helmet)
rElec    .         Reflect  .   J - scarf {rC+ rF+}
rCorr    .         Harm     .   (no gloves)
MR       .....                  f - +0 pair of boots
Stlth    ..........             C - amulet of faith {Faith, !P}
HPRegen  0.31/turn              e - ring of ice {rC+, rF-}
MPRegen  0.16/turn              u - +4 ring of dexterity

@: berserking (expiring), protection aura, drained, very slow
A: +LOS, swims, slowness 1, strong legs 1
a: Hop, Bend Time, Temporal Distortion, Slouch, Step From Time, Renounce
Religion


You were on level 10 of the Dungeon.
You worshipped Cheibriados.
Cheibriados was extremely pleased with you.
You were not hungry.

You visited 2 branches of the dungeon, and saw 11 of its levels.

You collected 581 gold pieces.

Inventory:

Hand Weapons
 I - a +2 lajatang of protection (weapon)
   (You found it on level 7 of the Dungeon)
Missiles
 k - 122 sling bullets
 m - 17 poisoned darts
 o - 292 stones (quivered)
 q - 160 arrows
 v - 71 bolts
 y - 4 boomerangs
 B - 4 atropa-tipped darts
Armour
 a - a +0 robe
 f - a +0 pair of boots (worn)
   (You found it on level 4 of the Dungeon)
 r - a cursed -1 helmet
   (You took it off Robin on level 2 of the Dungeon)
 D - a +0 tower shield
   (You found it on level 7 of the Dungeon)
 E - a +0 ring mail (worn)
   (You found it on level 6 of the Dungeon)
 F - a +0 cloak
   (You found it on level 7 of the Dungeon)
 G - a +0 plate armour
   (You found it on level 9 of the Dungeon)
 J - a scarf of resistance (worn)
   (You found it on level 8 of the Dungeon)
Magical Staves
 j - an uncursed staff of wizardry {wiz+, !a}
   (You found it on level 8 of the Dungeon)
Jewellery
 e - a ring of ice (left hand) {rC+, rF-}
   (You found it on level 1 of the Dungeon)
 u - a +4 ring of dexterity (right hand)
   (You found it on level 7 of the Dungeon)
 x - a +1 ring of evasion
   (You found it on level 6 of the Dungeon)
 C - an amulet of faith (around neck) {Faith, !P}
   (You took it off a kobold on level 7 of the Dungeon)
Wands
 h - a wand of iceblast (15)
   (You found it on level 8 of the Dungeon)
Scrolls
 g - 4 scrolls of fear
 i - 2 scrolls of teleportation
 l - 11 scrolls of remove curse
 s - 3 scrolls of magic mapping {!r}
 z - 2 scrolls of identify
 A - a scroll of fog
 L - a scroll of blinking {!r}
Potions
 d - 3 potions of flight
 n - a potion of haste
 p - a potion of brilliance
 t - 2 potions of stabbing
 H - a potion of curing
Comestibles
 c - 21 rations
 K - 4 chunks of flesh {@w0}


   Skills:
 + Level 7.4(6.5) Fighting
 + Level 11.0(10.0) Staves
 - Level 4.5(3.7) Armour
 - Level 2.1(1.4) Dodging
 - Level 1.7(1.0) Stealth
 - Level 5.5(4.7) Spellcasting
 - Level 4.1(3.2) Conjurations
 - Level 4.1(3.3) Summonings
 - Level 9.0(8.1) Ice Magic
 + Level 3.5(2.7) Invocations


You had 8 spell levels left.
You knew the following spells:

 Your Spells              Type           Power        Failure   Level  Hunger
a - Freeze                Ice            ####         1%          1    None
g - Apportation           Tloc           #.....       10%         1    None
h - Hailstorm             Conj/Ice       ######..     10%         4    ###....
i - Summon Ice Beast      Ice/Summ       ######..     10%         4    ###....
z - Frozen Ramparts       Ice            ######       1%          3    #......

Your spell library contained the following spells:

 Spells                   Type           Power        Failure   Level  Hunger
 Summon Small Mammal      Summ           ####         2%          1    None
 Ozocubu's Armour         Chrm/Ice       #####...     6%          3    #......
 Animate Skeleton         Necr           N/A          10%         1    None
 Corona                   Hex            #......      10%         1    None


Dungeon Overview and Level Annotations

Branches:
Dungeon (10/15)            Temple (1/1) D:6
   Lair: D:8-11         Orc: D:9-12

Altars:
Ashenzari
Cheibriados
Dithmenos
Elyvilon
Fedhas
Gozag
Hepliaklqana
Kikubaaqudgha
Makhleb
Nemelex Xobeh
Okawaru
Qazlal
Ru
Sif Muna
Trog
Uskayaw
Vehumet
Wu Jian
Xom
Yredelemnul
Zin
The Shining One


Innate Abilities, Weirdness & Mutations

You can be seen from farther away. (+LOS)
You can swim through water.
You cover ground slowly.
You can hop short distances.


Message History

You open the door.
There is an open door here.
You open the door.
There is an open door here.
Found a stone staircase leading down.
Health restored: 77; MP restored: 18 You now have 581 gold pieces (gained 5).
o - 292 stones (gained 11) Nergalle the Soulbinder comes into view.
She is wielding a +0 dagger.
Nergalle shouts!
An orc priest comes into view. It is wielding a +0 hand axe.
An orc wizard comes into view. It is wielding a +0 dagger. x2
Unknown command.
The orc wizard shouts!
An orc comes into view. It is wielding a +0 club.
Nergalle casts a spell at you. The bolt of negative energy hits you!!!
You feel drained.
Ouch! That really hurt!
You take 42 damage, and have 35/77 hp.
MASSIVE DAMAGE!!
Unknown command.
It was a potion of magic.
Magic courses through your body.
The orc shouts!
The orc priest shouts!
Nergalle barely misses you.
It was a potion of berserk rage.
A red film seems to cover your vision as you go berserk!
Cheibriados protects you from inadvertent hurry.
You feel mighty! Nergalle misses you.
You now have 53/115 hp.
You are too berserk!
Unknown command.
You closely miss Nergalle. Nergalle hits you with a +0 dagger.
You take 1 damage, and have 52/115 hp.
You hit Nergalle.
Your weapon exudes an aura of protection.
Nergalle points at you and mumbles some strange words.
The bolt of negative energy hits you!!
You feel drained.
* * * LOW HITPOINT WARNING * * *
You take 20 damage, and have 32/115 hp.
You slash Nergalle! The orc wizard closely misses you.
Nergalle hits you with a +0 dagger.
* * * LOW HITPOINT WARNING * * *
You take 4 damage, and have 28/115 hp.
You slash Nergalle! The orc wizard barely misses you.
The orc hits you with a +0 club.
* * * LOW HITPOINT WARNING * * *
Nergalle hits you but does no damage.
You take 2 damage, and have 26/115 hp.
You slash Nergalle!
The orc wizard hits you but does no damage.
The orc misses you.
Nergalle gestures at you while chanting.
The bolt of negative energy hits you!!
You feel drained.
* * * LOW HITPOINT WARNING * * *
You take 24 damage, and have 2/115 hp.
MASSIVE DAMAGE!!
You hit Nergalle.
The orc wizard casts a spell.
The orc wizard flickers and vanishes!
Deactivating autopickup; reactivate with Ctrl-A.
The orc wizard mumbles some strange words.
The orc wizard flickers and vanishes!
Nergalle hits you but does no damage. The orc closely misses you.
Unknown command.
You are too berserk!
Unknown command.
You are too berserk!
Unknown command.
You slash Nergalle! Something hits you but does no damage.
Nergalle casts a spell at you. The bolt of negative energy misses you.
Unknown command.
You slash Nergalle!
You hear some strange, mumbled words.
A puff of flame appears from out of thin air!
The puff of flame hits you but does no damage.
Nergalle hits you but does no damage.
Unknown command.
You hit Nergalle but do no damage.
The orc priest hits you with a cursed +0 hand axe.
* * * LOW HITPOINT WARNING * * *
Nergalle misses you.
You take 2 damage, and have 1/115 hp.
Unknown command.
Unknown command.
You hit Nergalle.
You kill Nergalle!
Cheibriados appreciates the change of pace.
Your base Fighting skill increases to level 7!
Your base Staves skill increases to level 11!
You have reached level 11!
You hear some strange, mumbled words.
A puff of flame appears from out of thin air!
The puff of flame hits you but does no damage.
The orc priest calls down the wrath of Beogh upon you.
Beogh smites you!
You die...

....... .......
#..... #..... #.....
#.... #...# #.{o#
#.{@# #.o.# #...#
#...# ..# ##..# ...#
#..#########+#...#
#................#
#................##
###........>.........


You could see an orc priest and an orc.

Vanquished Creatures
  A two-headed ogre (D:9)
  Nergalle (D:10)
  A hippogriff (D:8)
  2 yaks (D:9)
  3 sky beasts (D:9)
  An ice beast (D:8)
  2 orc warriors (D:8)
  3 phantoms
  8 ogres
  A centaur (D:7)
  A big kobold (D:7)
  2 bullfrogs
  4 scorpions
  5 killer bees (D:8)
  11 wights
  4 howler monkeys
  A bullfrog zombie (D:10)
  6 crimson imps
  A centaur skeleton (D:8)
  A centaur zombie (D:6)
  4 hounds
  A bullfrog skeleton (D:7)
  3 jellies (D:8)
  7 orc priests
  Jessica (D:2)
  2 iguanas
  11 orc wizards
  14 worker ants
  A hound skeleton (D:4)
  A worker ant zombie (D:5)
  Robin (D:2)
  15 adders
  A shadow imp (D:6)
  6 oozes
  An adder zombie (D:6)
  3 worms
  3 dart slugs
  4 leopard geckos
  30 orcs
  5 ball pythons
  A giant cockroach (D:3)
  14 goblins
  15 hobgoblins
  8 jackals
  3 quokkas
  6 bats (D:1)
  10 frilled lizards
  5 kobolds
  A leopard gecko skeleton (D:7)
  A quokka skeleton (D:5)
  10 rats
247 creatures vanquished.

Vanquished Creatures (collateral kills)
  3 yaks (D:9)
  An ice beast (D:6)
  A centaur (D:5)
  A bullfrog (D:9)
  An orc priest (D:5)
  2 orc wizards (D:8)
  4 orcs
13 creatures vanquished.

Grand Total: 260 creatures vanquished

Notes
Turn   | Place    | Note
-------+----------+-------------------------------------------
     0 | D:1      | Charmandara the Barachi Ice Elementalist began the quest
                  | for the Orb.
     0 | D:1      | Reached XP level 1. HP: 13/13 MP: 3/3
    34 | D:1      | Reached skill level 5 in Ice Magic
   295 | D:1      | Reached XP level 2. HP: 19/19 MP: 1/5
   848 | D:1      | Reached XP level 3. HP: 20/24 MP: 4/6
   853 | D:1      | Learned a level 3 spell: Frozen Ramparts
  1023 | D:1      | Reached skill level 6 in Ice Magic
  1304 | D:2      | Found a blossoming altar of Fedhas.
  1389 | D:2      | Reached XP level 4. HP: 30/30 MP: 5/8
  1527 | D:2      | Reached skill level 3 in Spellcasting
  1546 | D:2      | Learned a level 4 spell: Summon Ice Beast
  1563 | D:2      | Found a glowing silver altar of Zin.
  1807 | D:2      | Noticed Jessica
  1814 | D:2      | Killed Jessica
  1814 | D:2      | Reached XP level 5. HP: 35/35 MP: 7/10
  1930 | D:2      | Noticed Robin
  1952 | D:2      | Killed Robin
  2124 | D:2      | Reached skill level 7 in Ice Magic
  2413 | D:3      | Reached skill level 4 in Spellcasting
  2662 | D:3      | Reached XP level 6. HP: 27/41 MP: 6/12
  3317 | D:4      | Learned a level 4 spell: Hailstorm
  3477 | D:4      | Reached skill level 8 in Ice Magic
  3478 | D:4      | Noticed a phantom
  3872 | D:4      | Killed a phantom
  3872 | D:4      | Reached skill level 5 in Spellcasting
  3872 | D:4      | Reached XP level 7. HP: 45/46 MP: 9/14
  4054 | D:4      | Found a shattered altar of Ashenzari.
  4117 | D:5      | Entered Level 5 of the Dungeon
  4211 | D:5      | Found an ornate altar of the Wu Jian Council.
  4221 | D:5      | Reached skill level 1 in Fighting
  4221 | D:5      | Reached skill level 1 in Conjurations
  4221 | D:5      | Reached skill level 1 in Summonings
  4226 | D:5      | HP: 11/48 [white imp[miscasting Summon Ice Beast] (3)]
  4591 | D:5      | HP: 2/48 [orc priest/nerve-wracking pain (12)]
  4631 | D:5      | HP: 10/73 [centaur/arrow (3)]
  4636 | D:5      | Reached skill level 2 in Fighting
  4636 | D:5      | Reached skill level 2 in Summonings
  4636 | D:5      | Reached skill level 9 in Ice Magic
  4636 | D:5      | Reached XP level 8. HP: 11/56 MP: 1/16
  4644 | D:5      | HP: 9/84 [hound (4)]
  4645 | D:5      | Reached skill level 2 in Conjurations
  5091 | D:6      | Learned a level 1 spell: Apportation
  5127 | D:6      | Reached skill level 1 in Armour
  5346 | D:6      | Reached skill level 3 in Fighting
  5346 | D:6      | Reached skill level 3 in Summonings
  5585 | D:6      | Reached skill level 2 in Armour
  5592 | D:6      | Reached skill level 3 in Conjurations
  5984 | D:6      | Found a staircase to the Ecumenical Temple.
  5994 | Temple   | Entered the Ecumenical Temple
  6772 | D:7      | Reached skill level 3 in Armour
  6797 | D:7      | Reached skill level 4 in Fighting
  6797 | D:7      | Reached skill level 4 in Summonings
  6849 | D:7      | Found a basalt altar of Yredelemnul.
  6969 | Temple   | Became a worshipper of Cheibriados the Contemplative
  7079 | D:7      | Reached skill level 4 in Conjurations
  7100 | D:7      | Reached XP level 9. HP: 54/66 MP: 3/17
  7117 | D:7      | Reached skill level 5 in Fighting
  7117 | D:7      | Reached skill level 4 in Armour
  7327 | D:7      | Reached skill level 1 in Staves
  7376 | D:7      | Found a hazy altar of Hepliaklqana.
  7451 | D:7      | Found an opulent altar of Gozag.
  7624 | D:8      | Reached * piety under Cheibriados
  7632 | D:8      | Reached skill level 2 in Staves
  7894 | D:8      | Reached skill level 3 in Staves
  7920 | D:8      | Reached skill level 4 in Staves
  7943 | D:8      | HP: 15/68 [killer bee (3)]
  7949 | D:8      | HP: 14/68 [poisoned by a killer bee]
  7954 | D:8      | HP: 13/68 [poisoned by a killer bee]
  7963 | D:8      | HP: 13/68 [poisoned by a killer bee]
  7969 | D:8      | HP: 13/68 [poisoned by a killer bee]
  7975 | D:8      | HP: 13/68 [poisoned by a killer bee]
  7981 | D:8      | HP: 13/68 [poisoned by a killer bee]
  8281 | D:8      | Reached skill level 5 in Staves
  8308 | D:8      | Reached ** piety under Cheibriados
  8335 | D:8      | Reached skill level 6 in Staves
  8441 | D:8      | Reached skill level 7 in Staves
  8822 | D:8      | Reached *** piety under Cheibriados
  8822 | D:8      | Reached skill level 8 in Staves
  8822 | D:8      | Reached XP level 10. HP: 56/74 MP: 14/18
  8853 | D:8      | HP: 16/74 [centaur skeleton (5)]
  9420 | D:8      | Reached skill level 9 in Staves
  9992 | D:9      | Noticed a two-headed ogre
 10000 | D:9      | Killed a two-headed ogre
 10000 | D:9      | Reached **** piety under Cheibriados
 10000 | D:9      | Reached skill level 10 in Staves
 10129 | D:9      | Reached skill level 1 in Invocations
 10134 | D:9      | Reached skill level 6 in Fighting
 10162 | D:9      | Reached skill level 2 in Invocations
 10188 | D:9      | HP: 16/76 [something (5)]
 10463 | D:9      | Found a sacrificial altar of Ru.
 10464 | D:9      | Found a shadowy altar of Dithmenos.
 10837 | D:10     | Entered Level 10 of the Dungeon
 10842 | D:10     | Reached ***** piety under Cheibriados
 11012 | D:10     | Reached skill level 3 in Invocations
 11128 | D:10     | Noticed Nergalle
 11135 | D:10     | HP: 28/115 [Nergalle/+0 dagger (4)]
 11137 | D:10     | HP: 2/115 [Nergalle/bolt of negative energy (24)]
 11142 | D:10     | Killed Nergalle
 11142 | D:10     | Reached skill level 7 in Fighting
 11142 | D:10     | Reached skill level 11 in Staves
 11142 | D:10     | Reached XP level 11. HP: 1/84 MP: 19/19
 11142 | D:10     | Killed from afar by an orc priest

Levels and vault maps discovered:
D:1:      giann_wishing_wells, layout_loops_ring, minmay_hexomino_c4
D:2:      layout_loops_ring, fedhas_altar_1, marbit_many_paths, first_ration,
          uniq_jessica, uniq_robin
D:3:      layout_basic, chequers_serial_rivers_micro_c
D:4:      layout_rooms, kennysheep_little_box
D:5:      layout_cave_pools, lemuel_doored_altar, minivault_14
D:6:      layout_basic, lemuel_temple_firewalk_b
D:7:      layout_rooms, nicolae_overflow_crystal_walls, kennysheep_mini_moat,
          nicolae_gozag_cash_rules_everything_around_me
D:8:      layout_layer_cave, minmay_hedge_maze, hangedman_little_slice_of_home,
          chequers_serial_rivers_micro_d
D:9:      layout_small_grid, gammafunk_temple_overflow_statue
D:10:     cheibrodos_steamvent, layout_irregular_city, uniq_nergalle
Temple:   oiseaux_autumnal_temple

Skill      XL: |  1  2  3  4  5  6  7  8  9 10 |
---------------+-------------------------------+-----
Ice Magic      | 5 6 7 8 9 |  9.0
Spellcasting   | 3 4 5 |  5.5
Fighting       | 2 4 5 7 |  7.4
Conjurations   | 1 4 |  4.1
Summonings     | 2 4 |  4.1
Armour         | 3 4 |  4.5
Staves         | 8 11 | 11.0
Invocations    | 3 |  3.5
Dodging        | |  2.1
Stealth        | |  1.7

Action                   |  1- 3 |  4- 6 |  7- 9 | 10-12 || total
-------------------------+-------+-------+-------+-------++-------
Melee: Unarmed           |     5 |       |       |       ||     5
       Dagger            |     8 |    45 |       |       ||    53
       Quarterstaff      |       |     4 |     8 |       ||    12
       Flail             |       |       |    52 |       ||    52
       Lajatang          |       |       |    29 |    77 ||   106
 Cast: Freeze            |    44 |    67 |    81 |    30 ||   222
       Frozen Ramparts   |     2 |    13 |    24 |    16 ||    55
       Summon Ice Beast  |       |     1 |    11 |     5 ||    17
       Hailstorm         |       |       |     5 |       ||     5
 Abil: Hop               |     2 |     1 |     2 |     2 ||     7
Evoke: Wand              |       |       |       |     2 ||     2
  Use: Scroll            |     3 |     5 |    10 |       ||    18
       Potion            |       |       |     3 |     3 ||     6
 Stab: Sleeping          |       |     3 |       |     1 ||     4
       Distracted        |       |       |       |     1 ||     1
  Eat: Chunk             |     3 |     9 |    17 |     4 ||    33
       Ration            |       |       |     1 |       ||     1
Armor: Robe              |     5 |    18 |    14 |       ||    37
       Skin              |       |       |     5 |       ||     5
       Ring mail         |       |       |    29 |    58 ||    87
Dodge: Dodged            |    25 |    62 |   121 |    72 ||   280

Table legend:
 A = Non-vault XP
 B = Vault XP
 C = Vault XP percentage of total XP
 D = Non-vault monster count
 E = Vault monster count
 F = Vault count percentage of total count
                 A         B        C        D         E       F
            +---------+---------+-------+---------+---------+-------
      Total |    8548 |    1077 |  11.2 |     229 |      31 |  11.9
            +---------+---------+-------+---------+---------+-------
        D:1 |      28 |      14 |  33.3 |      18 |       8 |  30.8
        D:2 |     114 |      76 |  40.0 |      30 |      14 |  31.8
        D:3 |     110 |       0 |   0.0 |      18 |       0 |   0.0
        D:4 |     542 |       0 |   0.0 |      18 |       0 |   0.0
        D:5 |     433 |       0 |   0.0 |      26 |       0 |   0.0
        D:6 |     582 |       0 |   0.0 |      13 |       0 |   0.0
        D:7 |     909 |       0 |   0.0 |      20 |       0 |   0.0
        D:8 |    2297 |     167 |   6.8 |      42 |       8 |  16.0
        D:9 |    3310 |       0 |   0.0 |      34 |       0 |   0.0
       D:10 |     223 |     820 |  78.6 |      10 |       1 |   9.1
            +---------+---------+-------+---------+---------+-------

Levels and vault maps discovered:
D:1:      giann_wishing_wells, layout_loops_ring, minmay_hexomino_c4
D:2:      layout_loops_ring, fedhas_altar_1, marbit_many_paths, first_ration,
          uniq_jessica, uniq_robin
D:3:      layout_basic, chequers_serial_rivers_micro_c
D:4:      layout_rooms, kennysheep_little_box
D:5:      layout_cave_pools, lemuel_doored_altar, minivault_14
D:6:      layout_basic, lemuel_temple_firewalk_b
D:7:      layout_rooms, nicolae_overflow_crystal_walls, kennysheep_mini_moat,
          nicolae_gozag_cash_rules_everything_around_me
D:8:      layout_layer_cave, minmay_hedge_maze, hangedman_little_slice_of_home,
          chequers_serial_rivers_micro_d
D:9:      layout_small_grid, gammafunk_temple_overflow_statue
D:10:     cheibrodos_steamvent, layout_irregular_city, uniq_nergalle
Temple:   oiseaux_autumnal_temple

Table legend:
 A = Turns spent in this place as a percentage of turns spent in the entire game.
 B = Non-inter-level travel turns spent in this place as a percentage of non-inter-level travel turns spent in the entire game.
 C = Inter-level travel turns spent in this place as a percentage of turns spent in this place.
 D = Turns resting spent in this place as a percentage of non-inter-level travel turns spent in this place.
 E = Turns spent auto-exploring this place as a percentage of non-inter-level travel turns spent in this place.
 F = Non-inter-level travel turns spent in this place divided by the number of levels of this place that you've seen.
                   A       B       C       D       E      F
               +-------+-------+-------+-------+-------+----------------------
         Total | 100.0 | 100.0 |   5.3 |  37.7 |  39.8 | 959.7
       Dungeon |  97.8 |  98.2 |   4.9 |  38.3 |  38.7 | 1037.0
        Temple |   2.2 |   1.8 |  22.4 |   0.0 |  97.9 | 187.0
               +-------+-------+-------+-------+-------+----------------------

Table legend:
 A = Kills in this place as a percentage of kills in entire the game.
 B = Kills by you in this place as a percentage of kills by you in the entire game.
 C = Kills by friends in this place as a percentage of kills by friends in the entire game.
 D = Other kills in this place as a percentage of other kills in the entire game.
 E = Experience gained in this place as a percentage of experience gained in the entire game.
 F = Experience gained in this place divided by the number of levels of this place that you have seen.
                   A       B       C       D       E      F
               +-------+-------+-------+-------+-------+----------------------
         Total | 100.0 | 100.0 | 100.0 |   N/A | 100.0 | 875.0
       Dungeon | 100.0 | 100.0 | 100.0 |   N/A | 100.0 | 962.5
               +-------+-------+-------+-------+-------+----------------------
